 Dungeon Crawl Stone Soup version 0.22-a0-422-g9628fc87f1 (webtiles) character file.

2578 D1HalberdGnoll the Cleaver (level 9, -1/79 HPs)
             Began as a Minotaur Abyssal Knight on May 19, 2018.
             Was an Elder of Lugonu.
             Slain by a sky beast (6 damage)
             ... on level 7 of the Dungeon.
             The game lasted 00:11:19 (7050 turns).

D1HalberdGnoll the Cleaver (MiAK)                   Turns: 7050, Time: 00:11:19

Health: -1/79      AC: 10    Str: 17    XL:     9   Next: 32%
Magic:  8/12       EV:  9    Int:  9    God:    Lugonu [****..]
Gold:   494        SH:  9    Dex: 13    Spells: 8/8 levels left

rFire    . . .     SeeInvis +   a - +2 hand axe
rCold    . . .     Gourm    .   d - +0 shield
rNeg     + . .     Faith    .   f - +1 scale mail
rPois    .         Spirit   .   (helmet restricted)
rElec    .         Reflect  .   h - +0 cloak
rCorr    .         Harm     .   (no gloves)
MR       .....     Clarity  +   (no boots)
Stlth    ..........             k - amulet of regeneration
HPRegen  0.63/turn              p - ring of positive energy
MPRegen  0.13/turn              w - ring of see invisible

@: invisible
A: retaliatory headbutt, horns 2, clarity
a: Depart the Abyss, Bend Space, Banish, Corrupt, Renounce Religion


You were on level 7 of the Dungeon.
You worshipped Lugonu.
Lugonu was greatly pleased with you.
You were not hungry.

You visited 1 branch of the dungeon, and saw 8 of its levels.
You visited the Abyss 1 time.

You collected 494 gold pieces.

Inventory:

Hand Weapons
 a - a +2 hand axe (weapon)
Armour
 d - a +0 shield (worn)
 f - a +1 scale mail (worn)
 h - a +0 cloak (worn)
Jewellery
 i - an uncursed amulet of the gourmand {unknown}
 k - an amulet of regeneration (around neck)
 o - an uncursed ring of magical power
 p - a ring of positive energy (left hand)
 w - a ring of see invisible (right hand)
 B - an uncursed ring of resist corrosion
Wands
 e - a wand of enslavement (11)
Scrolls
 g - 3 scrolls of remove curse
 m - 2 scrolls of identify
Potions
 b - 2 potions of magic
 j - a potion of heal wounds {unknown}
 l - a potion of flight {unknown}
 n - a potion of agility {unknown}
 q - 2 potions of curing {unknown}
 r - a potion of ambrosia {unknown}
 s - a potion of invisibility
 v - 2 potions of mutation
 z - a potion of berserk rage {unknown}
Comestibles
 c - 11 rations
 t - 2 chunks of flesh


   Skills:
 + Level 7.2 Fighting
 * Level 9.3 Axes
 + Level 6.4 Armour
 - Level 3.6 Dodging
 + Level 4.1 Shields
 + Level 5.4 Invocations


You had 8 spell levels left.
You didn't know any spells.
Your spell library was empty.

Dungeon Overview and Level Annotations

Branches:
Dungeon (8/15)
 Temple: D:4-7         Lair: D:8-11

Altars:
Ashenzari
Cheibriados
Dithmenos
Elyvilon
Fedhas
Hepliaklqana
Trog
Uskayaw
Vehumet

Annotations:
D:5 exclusion: statue
D:8 Joseph
Abyss:1 Duvessa


Innate Abilities, Weirdness & Mutations

You reflexively headbutt those who attack you in melee.
You have a pair of horns on your head.
You possess an exceptional clarity of mind.


Message History

You climb upwards.
There is a stone staircase leading down here.
A sky beast is nearby!
Okay, then.
Okay, then.
Unknown command.
Press: ? - help, Shift-Dir - straight line, f - sky beast
Aim: a sky beast (slightly transparent, chance to defeat MR: 83%)
The sky beast barely resists.
You feel somewhat more hungry. The sky beast hits you.
* * * LOW HITPOINT WARNING * * *
The sky beast shocks you.
* * * LOW HITPOINT WARNING * * *
Okay, then.
It was a potion of invisibility.
You fade into invisibility!
The sky beast hits you.
* * * LOW HITPOINT WARNING * * *
The sky beast shocks you.
You die...

#........# ##.##
###########.
.........# ##..## ##..
.........###....#
##...
................##
##...#
.........[.......#
###...##
.......####......##
#####....... .......#
#.....).#
##........... ......##
##......#
#............ .....##
#....@.###............
....##
##..Y...###...........
...##
#......####..........
#.##
#.......#............
###
##........#####......
#......### ####..#
#[.......### ####
##..........###
##.............###


You could see a sky beast.

Vanquished Creatures
  A water moccasin (D:7)
  A black bear (D:6)
  2 ice beasts (D:7)
  A sky beast (D:7)
  4 slaves
  A phantom (D:7)
  3 centaurs (D:7)
  3 ogres
  A big kobold (D:5)
  A bullfrog (D:6)
  Dowan (D:4)
  3 scorpions
  2 crimson imps
  A centaur zombie (D:8)
  3 orc priests
  A quasit (D:7)
  A jelly (D:8)
  A bullfrog skeleton (D:5)
  A centaur skeleton (D:8)
  5 orc wizards
  An iguana (D:5)
  Ijyb (D:3)
  7 worker ants
  A howler monkey skeleton (D:4)
  12 adders
  3 shadow imps
  7 oozes (D:5)
  An adder zombie (D:8)
  An adder skeleton (D:4)
  3 worms
  4 dart slugs
  6 leopard geckos
  23 orcs
  13 giant cockroaches
  13 goblins
  6 hobgoblins
  15 jackals
  2 quokkas
  5 bats
  6 frilled lizards
  13 kobolds
  8 rats
188 creatures vanquished.

Vanquished Creatures (collateral kills)
  An orc wizard (D:8)
1 creature vanquished.

Vanquished Creatures (others)
  2 orc warriors
  A quokka (D:8)
  3 fungi (D:5)
  10 toadstools (D:5)
16 creatures vanquished.

Grand Total: 205 creatures vanquished

Notes
Turn   | Place    | Note
-------+----------+-------------------------------------------
     0 | Abyss:1  | D1HalberdGnoll the Minotaur Abyssal Knight began the quest for the Orb.
     0 | Abyss:1  | Reached XP level 1. HP: 19/19 MP: 1/1
     0 | D:1      | Escaped the Abyss
    17 | D:1      | Reached * piety under Lugonu
    17 | D:1      | Reached XP level 2. HP: 24/27 MP: 2/2
    90 | D:1      | Reached skill level 3 in Axes
   315 | D:1      | Reached XP level 3. HP: 33/33 MP: 3/3
  1072 | D:2      | Found a shattered altar of Ashenzari.
  1445 | D:2      | Reached XP level 4. HP: 40/40 MP: 4/4
  1496 | D:2      | Reached ** piety under Lugonu
  1522 | D:2      | Found a hazy altar of Hepliaklqana.
  1524 | D:2      | Found a blossoming altar of Fedhas.
  1524 | D:2      | Found a white marble altar of Elyvilon.
  1982 | D:3      | Reached skill level 4 in Axes
  2136 | D:3      | Reached XP level 5. HP: 32/47 MP: 5/5
  2447 | D:3      | Noticed Ijyb
  2477 | D:3      | Killed Ijyb
  2477 | D:3      | Reached *** piety under Lugonu
  2673 | D:3      | Found a hide-covered altar of Uskayaw.
  2829 | D:4      | Found a snail-covered altar of Cheibriados.
  2844 | D:4      | Reached XP level 6. HP: 26/55 MP: 7/7
  2954 | D:4      | Reached skill level 5 in Axes
  3145 | D:4      | Reached skill level 5 in Fighting
  3310 | D:4      | Noticed Dowan
  3312 | D:4      | Killed Dowan
  3312 | D:4      | Noticed Duvessa
  3333 | D:4      | Banished Duvessa
  3333 | D:4      | Reached XP level 7. HP: 47/61 MP: 8/8
  3759 | D:5      | Entered Level 5 of the Dungeon
  3834 | D:5      | Reached skill level 6 in Axes
  3867 | D:5      | Found a radiant altar of Vehumet.
  4173 | D:5      | Found a shadowy altar of Dithmenos.
  4365 | D:5      | Reached **** piety under Lugonu
  4443 | D:5      | Noticed a slime creature
  4443 | D:5      | Noticed a slime creature
  4666 | D:5      | Reached skill level 1 in Shields
  4995 | D:6      | Reached XP level 8. HP: 23/70 MP: 10/10
  4996 | D:6      | Gained mutation: You possess an exceptional clarity of mind. [potion of mutation]
  4996 | D:6      | Gained mutation: You are weak. (Str -2) [potion of mutation]
  4996 | D:6      | Lost mutation: You are weak. (Str -2) [potion of mutation]
  4997 | D:6      | HP: 2/70 [slime creature (10)]
  5007 | D:6      | HP: 2/70 [bullfrog (4)]
  5303 | D:6      | Reached skill level 7 in Axes
  5303 | D:6      | Reached skill level 5 in Armour
  5779 | D:7      | Found a bloodstained altar of Trog.
  5953 | D:7      | Reached skill level 8 in Axes
  6146 | D:7      | Reached skill level 5 in Invocations
  6258 | D:7      | Reached XP level 9. HP: 59/78 MP: 11/11
  6730 | D:8      | Reached skill level 9 in Axes
  6987 | D:8      | Reached ***** piety under Lugonu
  7018 | D:8      | Noticed Joseph
  7050 | D:7      | Slain by a sky beast

Vault maps used:
D:1:      matt_arrival_grand_opening
D:2:      lemuel_doored_altar, gammafunk_temple_overflow_forgotten,
          grunt_ministairs_4, minivault_11
D:3:      kennysheep_the_goblin_king, nicolae_overflow_crystal_walls
D:4:      cheibriados_altar_1, first_ration, uniq_duvessa
D:5:      cheibrodos_fertilizer, vehumet_statue, nicolae_dithmenos_the_darkroom
D:6:      minmay_temple_entry_mist
D:7:      bloody_trog
D:8:      elyvilon_altar_4, uniq_joseph, uniq_pikel
Abyss:1:  hangedman_abyss_or_decor_clamps

Skill      XL: |  1  2  3  4  5  6  7  8  9 |
---------------+----------------------------+-----
Invocations    | 2 3 4 5 |  5.4
Axes           | 3 4 5 6 8 9 |  9.3
Fighting       | 4 5 6 7 |  7.2
Armour         | 3 4 6 |  6.4
Dodging        | 2 3 |  3.6
Shields        | 1 3 4 |  4.1

Action                   |  1- 3 |  4- 6 |  7- 9 || total
-------------------------+-------+-------+-------++-------
Melee: Hand axe          |    71 |   180 |   408 ||   659
       Headbutt          |     7 |    30 |    73 ||   110
Throw: Tomahawk          |       |       |     2 ||     2
Invok: Depart the Abyss  |     1 |       |       ||     1
       Banish            |       |       |     5 ||     5
Evoke: Wand              |       |     5 |    11 ||    16
  Use: Scroll            |       |       |    14 ||    14
       Potion            |       |       |     4 ||     4
  Eat: Chunk             |     2 |     6 |    10 ||    18
       Ration            |       |       |     1 ||     1
Armor: Leather armour    |     6 |       |       ||     6
       Scale mail        |    20 |    83 |   163 ||   266
Dodge: Dodged            |    39 |    82 |   168 ||   289
Block: Shield            |       |       |   132 ||   132

Table legend:
 A = Spawn XP
 B = Non-spawn XP
 C = Spawn XP percentage of total XP
 D = Spawn monster count
 E = Non-spawn monster count
 F = Spawn count percentage of total count
 G = Total turns spent on level
                    A         B        C        D         E        F      G
               +---------+---------+-------+---------+---------+-------+---------
         Total |       0 |    3683 |   0.0 |       0 |     188 |   0.0 |  7050
               +---------+---------+-------+---------+---------+-------+---------
           D:1 |       0 |      57 |   0.0 |       0 |      33 |   0.0 |   999
           D:2 |       0 |      67 |   0.0 |       0 |      17 |   0.0 |   905
           D:3 |       0 |     216 |   0.0 |       0 |      35 |   0.0 |   914
           D:4 |       0 |     492 |   0.0 |       0 |      22 |   0.0 |  1301
           D:5 |       0 |     587 |   0.0 |       0 |      36 |   0.0 |   870
           D:6 |       0 |     237 |   0.0 |       0 |       3 |   0.0 |   412
           D:7 |       0 |    1562 |   0.0 |       0 |      24 |   0.0 |  1341
           D:8 |       0 |     465 |   0.0 |       0 |      18 |   0.0 |   308
               +---------+---------+-------+---------+---------+-------+---------
